 Dungeon Crawl Stone Soup version 0.30-a0-639-g3916f1956a (webtiles) character file.

Game seed: 13926312461626902702

62 ASSMAN the Conjurer (level 4, -1/29 (36) HPs)
             Began as a Meteoran Reaver on Jan 17, 2023.
             Killed by nerve-wracking pain
             ... invoked by Grinder
              (7 damage)
             ... on level 3 of the Dungeon.
             The game lasted 00:06:50 (1300 turns).

ASSMAN the Conjurer (Meteoran Reaver)               Turns: 1300, Time: 00:06:51

HP:   -1/29 (36)    AC: 10    Str: 13    XL:     4   Next: 53%
MP:   9/9           EV: 12    Int: 16    God:
Gold: 88            SH:  0    Dex: 13    Spells: 2/8 levels left

rFire   . . .      SeeInvis .    a - +0 hand axe (protect)
rCold   . . .      Faith    .    (no shield)
rNeg    . . .      Spirit   .    b - +0 leather armour
rPois   .          Reflect  .    (no helmet)
rElec   .          Harm     .    (no cloak)
rCorr   .          Rampage  .    (no gloves)
Will    .....                    (no boots)
Stlth   +                        (no amulet)
HPRegen 0.24/turn                (no ring)
MPRegen 0.11/turn                (no ring)

@: under a protective aura, glowing, heavily drained
A: sense surroundings 1, otherworldly, glowing, explore regen
a: no special abilities


You were on level 3 of the Dungeon.
You visited 1 branch of the dungeon, and saw 3 of its levels.

You collected 88 gold pieces.

Inventory:

Hand Weapons
 a - a +0 hand axe of protection (weapon)
Armour
 b - a +0 leather armour (worn)
 c - a +0 plate armour
Potions
 e - 2 potions of mutation
 g - a potion of brilliance
 i - a potion of degeneration
 k - a potion of invisibility


   Skills:
 - Level 2.1 Fighting
 + Level 4.8 Axes
 - Level 2.4 Dodging
 - Level 2.6 Spellcasting
 + Level 4.8 Conjurations


You had 2 spell levels left.
You knew the following spells:

 Your Spells              Type           Power      Damage    Failure   Level
a - Kiss of Death         Conj/Necr      36%        2d8       9%          1
b - Momentum Strike       Conj/Tloc      18%        3d8       14%         2
c - Hailstorm             Conj/Ice       9%         3d4       26%         3

Your spell library contained the following spells:

 Spells                   Type           Power      Damage    Failure   Level


Dungeon Overview and Level Annotations

Branches:
Dungeon (3/15) Zot: 527

Altars:

Annotations:
D:3 Grinder


Innate Abilities, Weirdness & Mutations

You passively map a small area around you.
You are easily found by Zot.
You glow in the dark.
You regain HP and MP as you explore.


Message History

Level annotation: Grinder
There is a stone staircase leading up here.
Grinder gestures at you. Pain shoots through your body!
You closely miss Grinder.
Grinder is severely wounded.
Grinder hits you.
You writhe in agony.
You completely miss Grinder.
Grinder is severely wounded.
Grinder barely misses you.
You hit Grinder.
Your weapon exudes an aura of protection.
Grinder is severely wounded.
Grinder barely misses you. Grinder hits you.
You writhe in agony.
You hit Grinder but do no damage.
Grinder is severely wounded.
Grinder gestures at you. You resist with significant effort.
You closely miss Grinder.
Grinder is severely wounded.
Grinder gestures at you. You resist with significant effort.
You hit Grinder.
Grinder is severely wounded.
Grinder hits you.
* * * LOW HITPOINT WARNING * * *
You writhe in agony.
* * * LOW HITPOINT WARNING * * *
You hit Grinder but do no damage. Your punch misses Grinder.
Grinder is severely wounded.
Grinder blinks!
Grinder attacks as you move away! Grinder barely misses you.
You hit Grinder.
Grinder is almost dead.
Grinder hits you but does no damage.
You hit Grinder.
Grinder is almost dead.
Grinder gestures at you. Pain shoots through your body!
You die...

#..# * , #..## , *
#...# ,,* * #.#.# ,*###
, * #...######## ,..# ,
##.^.......# *#.# # .
#.......<.# #.## .##..
#.........####..##....#
,
##........5@...........
#.......)####......#
#.........###†..#..#
####..###.............
##.###....####.....
#.##..#### * .... ,
###...)### ..., ,
#........# , .. ,*,,
#........# , , .


You could see Grinder.

Vanquished Creatures
  3 adders (D:2)
  A worm (D:3)
  A dart slug (D:1)
  3 ball pythons
  4 bats
  2 endoplasms
  3 goblins
  4 hobgoblins
  2 frilled lizards (D:2)
  4 kobolds
  4 rats
31 creatures vanquished.

Notes
Turn   | Place    | Note
-------+----------+-------------------------------------------
     0 | D:1      | ASSMAN the Meteoran Reaver began the quest for the Orb.
     0 | D:1      | Reached XP level 1. HP: 17/17 MP: 5/5
   130 | D:1      | Reached XP level 2. HP: 22/23 MP: 6/6
   334 | D:1      | Reached XP level 3. HP: 29/29 MP: 8/8
   337 | D:1      | Learned a level 2 spell: Momentum Strike
   341 | D:1      | Learned a level 3 spell: Hailstorm
   496 | D:1      | Glimpsed the power of Zot.
   663 | D:2      | Reached XP level 4. HP: 9/33 MP: 6/9
  1141 | D:3      | Noticed Grinder
  1300 | D:3      | Killed from afar by Grinder

Illustrated notes

Levels and vault maps discovered:
D:1:      erik_arrival_blinker_ship, layout_loops_ring
D:2:      layout_loops_ring
D:3:      layout_rooms, uniq_terence, uniq_grinder

Skill      XL: |  1  2 |
---------------+-------+-----
Axes           | 4 |  4.8
Conjurations   | 4 |  4.8
Fighting       | |  2.1
Dodging        | |  2.4
Spellcasting   | |  2.6

Action                   |  1- 3 |  4- 6 || total
-------------------------+-------+-------++-------
Melee: Hand axe          |    62 |    64 ||   126
 Cast: Kiss of Death     |     2 |     1 ||     3
       Momentum Strike   |     2 |     2 ||     4
       Hailstorm         |       |     1 ||     1
  Use: Scroll            |       |     6 ||     6
       Potion            |       |     6 ||     6
Armor: Leather armour    |    21 |     9 ||    30
Dodge: Dodged            |    25 |    30 ||    55

Table legend: (Time is in decaauts)
 A = Elapsed time spent in this place.
 B = Non-inter-level travel time spent in this place.
 C = Inter-level travel time spent in this place.
 D = Time resting spent in this place.
 E = Time spent auto-exploring this place.
 F = Levels seen in this place.
 G = Mean time per level.
                   A        B        C        D        E       F      G
               +--------+--------+--------+--------+--------+-----+--------+
         Total |   1271 |   1236 |     35 |     95 |    856 |   3 |  423.7 |
       Dungeon |   1271 |   1236 |     35 |     95 |    856 |   3 |  423.7 |
               +--------+--------+--------+--------+--------+-----+--------+

Top non-repeatable levels by time:
     D:2: 646 daAuts
     D:1: 523 daAuts
     D:3: 102 daAuts
